 Dungeon Crawl Stone Soup version 0.27.1-1-g398f81649c (webtiles) character file.

Game seed: 9719625913993242912

1621 MajorAdolf the Covert (level 8, -2/74 HPs)
             Began as a Naga Wanderer on Sept 11, 2021.
             Was an Initiate of Dithmenos.
             Slain by a troll (4 damage)
             ... on level 6 of the Dungeon on Sept 12, 2021.
             The game lasted 00:22:55 (10503 turns).

MajorAdolf the Covert (Naga Wanderer)              Turns: 10503, Time: 00:22:55

Health: -2/74      AC:  5    Str: 15    XL:     8   Next: 96%
Magic:  8/8        EV:  9    Int: 16    God:    Dithmenos [......]
Gold:   185        SH:  0    Dex:  9    Spells: 7/7 levels left

rFire    . . .     SeeInvis +   k - +3 flail
rCold    . . .     Faith    .   (no shield)
rNeg     . . .     Spirit   .   u - +2 robe
rPois    +         Reflect  .   (no helmet)
rElec    .         Harm     .   (no cloak)
rCorr    .         Rampage  .   (no gloves)
Will     +....                  (no barding)
Stlth    ++++......             (no amulet)
HPRegen  0.22/turn              (no ring)
MPRegen  0.11/turn              (no ring)

@: very slow
A: AC +2, large, see invisible, deformed body, poison resistance, slowness 2,
spit poison 1, naga tail 1
a: Spit Poison, Renounce Religion


You were on level 6 of the Dungeon.
You worshipped Dithmenos.
Dithmenos was noncommittal.
You visited 2 branches of the dungeon, and saw 8 of its levels.

You collected 185 gold pieces.

Inventory:

Hand Weapons
 a - a +2 dagger
 g - a +0 hunting sling
 k - a +3 flail (weapon)
 x - a +3 morningstar
Missiles
 c - 96 stones (quivered)
 e - 22 poisoned darts
Armour
 p - a +0 robe
 t - a +1 ring mail of cold resistance
 u - a +2 robe (worn)
Wands
 o - a wand of digging (5)
Scrolls
 f - a scroll of brand weapon {unknown}
 h - a scroll of magic mapping {unknown}
 i - 5 scrolls of identify {unknown}
 l - 2 scrolls of teleportation {unknown}
 n - a scroll of amnesia {unknown}
 v - a scroll of blinking {unknown}
 w - a scroll of silence {unknown}
Potions
 d - a potion of magic {unknown}
 j - a potion of mutation {unknown}
 q - 3 potions of curing {unknown}
 r - a potion of degeneration {unknown}
 s - 2 potions of brilliance {unknown}


   Skills:
 - Level 5.0 Fighting
 - Level 1.0 Crossbows
 - Level 5.0 Throwing
 - Level 3.2 Armour
 + Level 8.9 Stealth
 + Level 6.3 Evocations


You had 7 spell levels left.
You didn't know any spells.
Your spell library was empty.

Dungeon Overview and Level Annotations

Branches:
Dungeon (7/15)             Temple (1/1) D:4

Altars:
Ashenzari
Dithmenos
Elyvilon
Fedhas
Hepliaklqana
Kikubaaqudgha
Makhleb
Qazlal
Ru
Sif Muna
Trog
Xom
Zin
The Shining One

Annotations:
D:1 exclusion: 2 endoplasms
D:4 exclusion: downstairs
D:5 Dowan
D:6 Pikel
D:7 1 runed translucent door, Crazy Yiuf


Innate Abilities, Weirdness & Mutations

Your serpentine skin is tough. (AC +2)
You have supernaturally acute eyesight. (SInv)
Armour fits poorly on your strangely shaped body.
Your system is resistant to poisons. (rPois)
You cover ground very slowly.
You can spit poison.
You have a snake-like lower body.


Message History

Press: ? - help, v - describe, . - travel
Here: Pikel, wielding a +0 whip of freezing and wearing a +0 robe (fast)
The floor.
Okay, then.
Okay, then.
Okay, then.
As you read the scroll of fear, it crumbles to dust.
You assume a fearsome visage.
The troll looks frightened!
Pikel looks frightened!
Really slither into that dispersal trap?
Okay, then.
Really slither into that dispersal trap?
You enter a dispersal trap!
Pikel blinks!
You blink.
Pikel hits you with a +0 whip of freezing!
Pikel freezes you. Pikel barely misses you.
Pikel says, "You'll feel the lick of my whip!"
Pikel barely misses you.
Really slither into that dispersal trap?
You enter a dispersal trap!
Pikel blinks!
The troll blinks!
You blink.
Pikel barely misses you.
Pikel hits you with a +0 whip of freezing!
* * * LOW HITPOINT WARNING * * *
Pikel freezes you.
* * * LOW HITPOINT WARNING * * *
Unknown command.
Pikel hits you with a +0 whip of freezing.
* * * LOW HITPOINT WARNING * * *
Pikel freezes you.
* * * LOW HITPOINT WARNING * * *
Okay, then.
Pikel barely misses you.
Pikel hits you with a +0 whip of freezing.
* * * LOW HITPOINT WARNING * * *
Pikel freezes you.
* * * LOW HITPOINT WARNING * * *
The troll bites you.
* * * LOW HITPOINT WARNING * * *
The troll claws you.
You die...

.............[...................
#########......<#.##.######..≈≈≈≈
# #.#######.##.# #.≈≈≈≈≈ # #.#
#.##.######.≈≈_.. # #.#
#........##.≈≈≈≈≈ # #.#
#........#...≈≈≈≈ ####### #.#
#........#....... ......#
#.#######K.......#......[ ......#
#....§.§@T.......#.......
......###########........#......)
..........# #.....####.......
......###.# ####......#######..
......# #.# #.........# #.#
......# #.# #S##......# #.#
......# #.# #.#####)### #.#
......# #.# #.# ..# #.# #######
#.# #.# ..# #.


You could see Pikel (fast) and a troll.

Vanquished Creatures
  A gargoyle (D:6)
  A water moccasin (D:6)
  A sky beast (D:6)
  2 ogres
  A phantom (D:6)
  A kobold brigand (D:7)
  A bullfrog (D:6)
  Blork the orc (D:6)
  A scorpion (D:7)
  5 hounds
  A jelly (D:4)
  A centaur skeleton (D:6)
  A bullfrog skeleton (D:6)
  Jessica (D:2)
  An iguana (D:7)
  Natasha (thrice) (D:3)
  3 orc wizards
  A gnoll (D:5)
  5 adders
  A white imp (D:6)
  An ufetubus (D:4)
  3 worms
  4 dart slugs
  18 orcs
  7 ball pythons
  12 endoplasms
  2 giant cockroaches (D:1)
  8 goblins
  6 hobgoblins
  12 kobolds
  4 quokkas
  3 bats
  7 frilled lizards
  6 rats
126 creatures vanquished.

Notes
Turn   | Place    | Note
-------+----------+-------------------------------------------
     0 | D:1      | MajorAdolf the Naga Wanderer began the quest for the Orb.
     0 | D:1      | MajorAdolf set off with the following items: a +2 dagger, a
                  | scroll of fear, a +0 ring mail, a potion of lignification
     0 | D:1      | Reached XP level 1. HP: 21/21 MP: 1/1
    46 | D:1      | Reached skill level 2 in Stealth
   441 | D:1      | Reached skill level 3 in Stealth
   454 | D:1      | Reached XP level 2. HP: 28/28 MP: 2/2
   800 | D:1      | Reached skill level 4 in Stealth
  1142 | D:1      | Reached XP level 3. HP: 34/34 MP: 3/3
  2252 | D:2      | Reached XP level 4. HP: 25/42 MP: 4/4
  2429 | D:2      | Found a faded altar of an unknown god.
  2505 | D:2      | Reached skill level 5 in Stealth
  3667 | D:3      | Noticed Natasha
  3671 | D:3      | Killed Natasha
  3672 | D:3      | Reached XP level 5. HP: 43/50 MP: 5/5
  3786 | D:3      | Noticed Jessica
  3790 | D:2      | Killed Jessica
  3791 | D:2      | Reached skill level 1 in Evocations
  3849 | D:3      | Noticed Natasha
  3857 | D:3      | Killed Natasha
  3940 | D:3      | Noticed Natasha
  4686 | D:3      | Killed Natasha
  4687 | D:3      | Reached XP level 6. HP: 53/57 MP: 6/6
  5852 | D:4      | Found a staircase to the Ecumenical Temple.
  6817 | D:4      | Reached skill level 5 in Fighting
  6817 | D:4      | Reached XP level 7. HP: 20/67 MP: 7/7
  7160 | Temple   | Entered the Ecumenical Temple
  7409 | D:5      | Entered Level 5 of the Dungeon
  7501 | Temple   | Became a worshipper of Dithmenos the Shadowed
  7576 | D:5      | Noticed Dowan
  7593 | D:5      | Noticed Pikel
  7685 | D:6      | Noticed Blork the orc
  7701 | D:6      | Killed Blork the orc
  7936 | D:6      | Found a burning altar of Makhleb.
  8192 | D:6      | Reached skill level 6 in Stealth
  8379 | D:6      | Noticed a gargoyle
  8385 | D:6      | Killed a gargoyle
  8386 | D:6      | Reached skill level 7 in Stealth
  8386 | D:6      | Reached skill level 5 in Evocations
  8386 | D:6      | Reached XP level 8. HP: 47/74 MP: 8/8
  8920 | D:6      | Reached skill level 5 in Throwing
  9030 | D:5      | Noticed a troll
  9485 | D:7      | Reached skill level 8 in Stealth
  9596 | D:7      | Found a runed translucent door.
  9597 | D:7      | Noticed Crazy Yiuf
  9639 | D:7      | Found a broken altar of Ashenzari.
 10503 | D:6      | HP: 2/74 [troll (6)]
 10503 | D:6      | Slain by a troll

Illustrated notes

Levels and vault maps discovered:
D:1:      lightli_arrival_windingriver, layout_loops_ring
D:2:      minmay_alternating_diamond, layout_rooms,
          hellmonk_ecumenical_altar_leap_of_faith
D:3:      minmay_door_path, layout_loops_ring, uniq_natasha, uniq_jessica
D:4:      layout_layer_cave, minmay_temple_entry_antechambers, st_stairs_5,
          nicolae_underground_beach
D:5:      lemuel_ratsnest, layout_basic, uniq_pikel, uniq_duvessa
D:6:      minmay_opposing_rooms, layout_basic, mainiacjoe_overflow_catwalk,
          serial_shops, shop, uniq_blork_the_orc
D:7:      layout_loops_ring, nicolae_ashenzari_panopticon, minitemple,
          doesnt_shop_hydraphobe, uniq_crazy_yiuf_cottage
Temple:   minmay_temple_bridge_abc

Skill      XL: |  1  2  3  4  5  6  7  8 |
---------------+-------------------------+-----
Stealth        | 3 4 5 7 8 |  8.9
Throwing       | 2 3 4 5 |  5.0
Evocations     | 2 3 5 6 |  6.3
Fighting       | 4 5 |  5.0
Crossbows      | |  1.0
Armour         | |  3.2

Action                   |  1- 3 |  4- 6 |  7- 9 || total
-------------------------+-------+-------+-------++-------
Melee: Dagger            |    38 |    29 |       ||    67
       Flail             |       |    81 |   127 ||   208
       Morningstar       |       |       |     8 ||     8
 Fire: Hunting sling     |    15 |       |       ||    15
Throw: Stone             |    27 |    91 |    24 ||   142
 Abil: Spit Poison       |    38 |    37 |    29 ||   104
Evoke: Wand              |       |     1 |     7 ||     8
  Use: Scroll            |       |       |     5 ||     5
       Potion            |       |       |     1 ||     1
 Stab: Sleeping          |       |     3 |       ||     3
       Distracted        |       |       |     1 ||     1
Armor: Skin              |     3 |    11 |    15 ||    29
       Robe              |       |    17 |    61 ||    78
Dodge: Dodged            |    16 |    64 |    85 ||   165
